 Dungeon Crawl Stone Soup version 0.26.1-11-gd32895ea62 (webtiles) character file.

Game seed: 4975781541697407957

17644 phalm the Destroyer (level 12, -4/91 HPs)
             Began as a Gnoll Conjurer on June 4, 2021.
             Was a High Priest of Cheibriados.
             Killed by an exploding fulminant prism (25 damage)
             ... in a Gauntlet on June 5, 2021.
             The game lasted 00:43:38 (20459 turns).

phalm the Destroyer (Gnoll Conjurer)               Turns: 20459, Time: 00:43:38

Health: -4/91      AC:  8    Str: 23    XL:     12   Next: 50%
Magic:  14/25      EV: 21    Int: 42    God:    Cheibriados [*****.]
Gold:   2263       SH:  9    Dex: 26    Spells: 18/29 levels left

rFire    + . .     SeeInvis .   J - +5 trident (distort) {!w}
rCold    + . .     Faith    .   r - +2 buckler
rNeg     . . .     Spirit   .   h - +2 robe {rC+ rF+}
rPois    .         Reflect  .   G - +0 helmet
rElec    .         Harm     .   q - scarf {repulsion}
rCorr    .         Rampage  .   p - +0 pair of gloves
Will     +....     NoTele   +   S - +0 pair of boots {Fly}
Stlth    +++++.....             (no amulet)
HPRegen  0.25/turn              K - ring of willpower
MPRegen  0.19/turn              I - +6 ring of intelligence

@: flying, repel missiles, very slow
A: distributed training, fangs 1, strong nose
a: Renounce Religion, Bend Time, Temporal Distortion, Slouch, Step From Time


You were in a Gauntlet.
You worshipped Cheibriados.
Cheibriados was extremely pleased with you.
You visited 4 branches of the dungeon, and saw 16 of its levels.
You also visited: Sewer, Gauntlet and Ice Cave.

You collected 2263 gold pieces.


Innate Abilities, Weirdness & Mutations

Your experience applies equally to all skills.
You have very sharp teeth.
Your uncanny sense of smell can sniff out nearby items.


   Skills:
 + Level 7.3 Fighting
 + Level 7.3 Short Blades
 + Level 7.3 Long Blades
 + Level 7.3 Axes
 + Level 7.3 Maces & Flails
 + Level 7.3 Polearms
 + Level 7.3 Staves
 + Level 7.3 Slings
 + Level 7.3 Bows
 + Level 7.3 Crossbows
 + Level 7.3 Throwing
 + Level 7.3 Armour
 + Level 8.7 Dodging
 + Level 8.5 Stealth
 + Level 7.3 Shields
 + Level 7.3 Unarmed Combat
 + Level 9.0 Spellcasting
 + Level 9.4 Conjurations
 + Level 6.1 Hexes
 + Level 6.1 Summonings
 + Level 6.1 Necromancy
 + Level 6.1 Translocations
 + Level 6.1 Transmutations
 + Level 6.1 Fire Magic
 + Level 6.1 Ice Magic
 + Level 6.1 Air Magic
 + Level 6.1 Earth Magic
 + Level 6.1 Poison Magic
 + Level 8.0 Invocations
 + Level 7.3 Evocations


You had 18 spell levels left.
You knew the following spells:

 Your Spells              Type           Power        Failure   Level
f - Fulminant Prism       Conj/Hex       35%          1%          4
m - Magic Dart            Conj           100%         1%          1
s - Searing Ray           Conj           100%         1%          2
X - Iskenderun's Mystic   Conj/Tloc      71%          1%          4

Your spell library contained the following spells:

 Spells                   Type           Power        Failure   Level
 Beastly Appendage        Tmut           100%         1%          1
 Corona                   Hex            70%          1%          1
 Slow                     Hex            63%          1%          2
 Wereblood                Tmut           63%          1%          2
 Confusing Touch          Hex            63%          1%          3
 Dazzling Flash           Conj/Hex       100%         1%          3
 Gell's Gravitas          Tloc           31%          1%          3
 Inner Flame              Hex/Fire       63%          1%          3
 Portal Projectile        Hex/Tloc       100%         1%          3
 Spider Form              Tmut/Pois      31%          1%          3
 Animate Dead             Necr           31%          1%          4
 Cause Fear               Hex            31%          1%          4
 Ice Form                 Ice/Tmut       63%          1%          4
 Leda's Liquefaction      Hex/Erth       31%          1%          4
 Petrify                  Tmut/Erth      63%          1%          4
 Blade Hands              Tmut           31%          3%          5
 Borgnjor's Vile Clutch   Necr/Erth      31%          3%          5
 Metabolic Englaciation   Hex/Ice        31%          3%          5
 Yara's Violent Unravell  Hex/Tmut       31%          3%          5
 Death Channel            Necr           31%          22%         6
 Simulacrum               Ice/Necr       31%          22%         6

Inventory:

Hand Weapons
 J - a +5 trident of distortion (weapon) {!w}
   (You took it off a kobold on level 7 of the Dungeon)
Missiles
 d - 74 poisoned darts
 m - 181 sling bullets
 t - 2 javelins
 A - 19 boomerangs
Armour
 a - a +1 leather armour of fire resistance
   (You took it off Joseph on level 7 of the Dungeon)
 h - a +2 robe of resistance (worn)
   (You took it off an orc wizard on level 7 of the Dungeon)
 p - a +0 pair of gloves (worn)
   (You found it on level 2 of the Dungeon)
 q - a scarf of repulsion (worn)
   (You found it on level 7 of the Dungeon)
 r - a +2 buckler (worn)
   (You found it on level 2 of the Dungeon)
 E - a +3 ring mail of poison resistance
   (You found it on level 6 of the Dungeon)
 G - a +0 helmet (worn)
   (You found it on level 8 of the Dungeon)
 M - the +4 chain mail of Stained Salvation {rC+ Str+4}
   (You found it on level 9 of the Dungeon)

   It affects your strength (+4).
   It protects you from cold.
 R - the +5 ice dragon scales of Ussekaeg {rF- rC++ Int+8}
   (You found it in an ice cave)

   It affects your intelligence (+8).
   It makes you vulnerable to fire.
   It greatly protects you from cold.
 S - a +0 pair of boots of flying (worn)
   (You found it in an ice cave)
Magical Staves
 u - an uncursed staff of poison {!a, unknown}
   (You found it on level 7 of the Dungeon)
 H - an uncursed staff of conjuration {!a}
   (You acquired it on level 10 of the Dungeon)
Jewellery
 I - a +6 ring of intelligence (right hand)
   (You found it on level 6 of the Dungeon)
 K - a ring of willpower (left hand)
   (You took it off an orc wizard on level 8 of the Dungeon)
 Q - an uncursed ring of stealth
   (You found it on level 2 of the Dungeon)
Wands
 z - a wand of flame (55)
   (You found it on level 4 of the Dungeon)
 L - a wand of iceblast (8)
   (You found it on level 9 of the Dungeon)
 O - a wand of digging (9)
   (You found it on level 10 of the Dungeon)
Scrolls
 b - 3 scrolls of immolation {!r!r}
 f - 2 scrolls of teleportation {@r4}
 j - a scroll of enchant armour
 l - 5 scrolls of fog
 n - 3 scrolls of blinking {!r}
 o - 6 scrolls of remove curse {@r2}
 y - 3 scrolls of fear
 C - a scroll of holy word
 N - a scroll of amnesia
Potions
 c - 3 potions of attraction {!q}
 e - a potion of invisibility
 g - 2 potions of heal wounds {@q2}
 i - 3 potions of might
 k - 3 potions of ambrosia {unknown}
 s - a potion of mutation {unknown}
 v - 6 potions of brilliance
 w - 8 potions of curing {@q1}
 x - 5 potions of flight
 T - a potion of cancellation {unknown}

Dungeon Overview and Level Annotations

Branches:
Dungeon (11/15)            Temple (1/1) D:7            Lair (2/6) D:8
    Orc (2/2) D:11          Sewer (visited)           IceCv (visited)
Gauntlet (1/1)
  Swamp: Lair:2-4    Shoals: Lair:2-4     Snake: Lair:2-4    Spider: Lair:2-4
    Elf: Orc:2

Altars:
Ashenzari
Cheibriados
Dithmenos
Elyvilon
Fedhas
Gozag
Hepliaklqana
Kikubaaqudgha
Makhleb
Nemelex Xobeh
Okawaru
Qazlal
Ru
Sif Muna
Trog
Uskayaw
Vehumet
Wu Jian
Xom
Yredelemnul
Zin
The Shining One

Shops:
D:8 :   D:9 (   Orc:1 =   Orc:2 !

Annotations:
Orc:1 1 runed translucent door, bnns's ghost, adept DsBe Gauntlet 15 transporters, exclusions: ice statue and oklob plant

#..#.#..........#8#
..t#.#..........#####
####.#########.....≈###
≈§≈#........©#......#8#
####.#############..###
...#.#.#..).©.}..#..#
...#.#.#^#..8..#.#..###
#..#.#.#.^#####^.#..#8#
P..#.#.#..##.##.@#..###
...#©#.#...†©....#..#
...###.#.÷##.##..#..###
#..#...#..#####..#..#8#
..g#...#^#.....#.#..###
..g#...#.........#..#
####...###########..#
.....≈......©......≈###
....≈8≈........∩...∩#8#


There were no monsters in sight!


Message History

You rip the net and break free!
The ice statue gestures at you.
The bolt of cold misses you. 😕 HP[+1] Really fly into that net trap?
Really fly into a travel-excluded area?
You become entangled in the net!
The ice statue gestures at you. The bolt of cold hits you! You resist.
There is a net trap here.
You see here a throwing net {=f!f}. 😕 HP[-9]
You take 9 damage, and now have 81/91 hp.
You struggle against the net.
You struggle against the net.
The ice statue gestures at you. The shard of ice hits you!!
You partially resist. 😮 HP[-25]
You take 25 damage, and now have 56/91 hp.
MASSIVE DAMAGE!! (PAUSE)
You struggle against the net.
The ice statue gestures at you.
The shard of ice is repelled.
You rip the net and break free! 😮 HP[+1]
You start resting. 😎 HP[+34]
Your hp is fully restored (91).
Really fly into a travel-excluded area?
Casting: Searing Ray (safe; 1% risk of failure)
Confirm with . or Enter, or press ? or * to list all spells.
Aiming: Searing Ray (safe; 1% risk of failure)
Press: ? - help, Shift-Dir - straight line, f - ice statue
Aim: an ice statue (unaware, hasn't noticed you, 0% to evade)
The searing ray hits the ice statue but does no damage. (Press . to maintain the ray.)
The ice statue gestures at you. The freezing blast misses you. 😎 MP[-2]
You lost 2 mp, and now have 23/25 mp.
The searing ray hits the ice statue!
You are engulfed in freezing vapours.
You resist. The ice statue gestures at you.
The bolt of cold misses you. 😕 HP[-9] MP[-1]
You take 9 damage, and now have 82/91 hp.
You lost 1 mp, and now have 22/25 mp.
The searing ray hits the ice statue!
You are engulfed in freezing vapours.
You resist. The ice statue gestures at you.
The freezing blast misses you. 😕 HP[-10] MP[-1]
You take 10 damage, and now have 72/91 hp.
You lost 1 mp, and now have 21/25 mp.
The searing ray hits the ice statue.
You finish channeling your searing ray.
You are engulfed in freezing vapours.
You resist. 😮 HP[-11] MP[-1]
You take 11 damage, and now have 61/91 hp.
You lost 1 mp, and now have 20/25 mp.
Casting: Searing Ray (safe; 1% risk of failure)
Confirm with . or Enter, or press ? or * to list all spells.
Aiming: Searing Ray (safe; 1% risk of failure)
Press: ? - help, Shift-Dir - straight line, f/p - ice statue
Aim: an ice statue (moderately damaged, 0% to evade)
The searing ray hits the ice statue! (Press . to maintain the ray.)
You are engulfed in freezing vapours.
You resist. The ice statue gestures at you.
The shard of ice misses you. 😮 HP[-11] MP[-1]
You take 11 damage, and now have 50/91 hp.
You lost 1 mp, and now have 19/25 mp.
The searing ray hits the ice statue but does no damage.
You are engulfed in freezing vapours.
You resist.
* * * LOW HITPOINT WARNING * * *
The ice statue gestures at you. The bolt of cold hits you! You resist.
* * * LOW HITPOINT WARNING * * *
😨 HP[-17] MP[-1]
You take 17 damage, and now have 33/91 hp.
You lost 1 mp, and now have 18/25 mp.
The searing ray hits the ice statue!
You are engulfed in freezing vapours.
You resist.
* * * LOW HITPOINT WARNING * * *
😱 HP[-13] MP[-1]
You take 13 damage, and now have 20/91 hp.
You lost 1 mp, and now have 17/25 mp.
Unknown command.
Casting: Searing Ray (safe; 1% risk of failure)
Confirm with . or Enter, or press ? or * to list all spells.
Aiming: Fulminant Prism (mildly dangerous; 1% risk of failure)
Press: ? - help, Dir - move target You conjure a prism of explosive energy!
A fulminant prism comes into view. 😱 HP[+1] MP[-4]
You lost 4 mp, and now have 13/25 mp.
Your fulminant prism crackles loudly. 😱 MP[+1]
The blast of energy engulfs you!!
You die...

Skill      XL: |  1  2  3  4  5  6  7  8  9 10 11 12 |
---------------+-------------------------------------+-----
Spellcasting   | 5 6 7 8 9 |  9.0
Invocations    | 1 2 3 4 5 6 7 8 |  8.0
Fighting       | 1 2 3 4 5 6 7 |  7.3
Short Blades   | 1 2 3 4 5 6 7 |  7.3
Long Blades    | 1 2 3 4 5 6 7 |  7.3
Axes           | 1 2 3 4 5 6 7 |  7.3
Maces & Flails | 1 2 3 4 5 6 7 |  7.3
Polearms       | 1 2 3 4 5 6 7 |  7.3
Staves         | 1 2 3 4 5 6 7 |  7.3
Slings         | 1 2 3 4 5 6 7 |  7.3
Bows           | 1 2 3 4 5 6 7 |  7.3
Crossbows      | 1 2 3 4 5 6 7 |  7.3
Throwing       | 1 2 3 4 5 6 7 |  7.3
Armour         | 1 2 3 4 5 6 7 |  7.3
Shields        | 1 2 3 4 5 6 7 |  7.3
Unarmed Combat | 1 2 3 4 5 6 7 |  7.3
Evocations     | 1 2 3 4 5 6 7 |  7.3
Hexes          | 1 2 3 4 5 6 |  6.1
Summonings     | 1 2 3 4 5 6 |  6.1
Necromancy     | 1 2 3 4 5 6 |  6.1
Translocations | 1 2 3 4 5 6 |  6.1
Transmutations | 1 2 3 4 5 6 |  6.1
Fire Magic     | 1 2 3 4 5 6 |  6.1
Ice Magic      | 1 2 3 4 5 6 |  6.1
Air Magic      | 1 2 3 4 5 6 |  6.1
Earth Magic    | 1 2 3 4 5 6 |  6.1
Poison Magic   | 1 2 3 4 5 6 |  6.1
Dodging        | 5 6 7 8 |  8.7
Stealth        | 5 6 7 8 |  8.5
Conjurations   | 8 9 |  9.4

Action                   |  1- 3 |  4- 6 |  7- 9 | 10-12 || total
-------------------------+-------+-------+-------+-------++-------
Melee: Short sword       |     6 |    18 |       |       ||    24
       Bite              |     1 |     4 |     2 |    22 ||    29
       Flail             |       |    18 |     1 |       ||    19
       Trident           |       |       |    43 |   155 ||   198
Throw: Dart              |       |       |       |     1 ||     1
       Javelin           |       |       |       |     1 ||     1
       Boomerang         |       |       |       |     1 ||     1
 Cast: Magic Dart        |    60 |    94 |   289 |   301 ||   744
       Searing Ray       |     3 |    12 |    33 |   114 ||   162
       Iskenderun's Myst |       |       |     1 |     6 ||     7
       Fulminant Prism   |       |       |       |    14 ||    14
Evoke: Wand              |       |       |     3 |     9 ||    12
  Use: Potion            |       |     2 |     3 |       ||     5
       Scroll            |       |     4 |    10 |    18 ||    32
 Stab: Sleeping          |       |       |     2 |     3 ||     5
       Distracted        |       |       |       |     2 ||     2
Armor: Skin              |       |    10 |       |       ||    10
       Robe              |       |     6 |    21 |    32 ||    59
Dodge: Dodged            |    10 |    50 |    69 |   193 ||   322
       Repelled          |       |       |       |     3 ||     3
Block: Buckler           |       |    13 |    46 |    99 ||   158

Levels and vault maps discovered:
D:1:      lemuel_arrival_rhombus, layout_loops_corners, doesnt_xom_only_xom
D:2:      layout_basic, kennysheep_generic_room_7, uniq_crazy_yiuf_cottage
D:3:      layout_basic, grunt_temple_overflow_magic_moments,
          gup_sewer_entry_bowl, serial_bayou_ford_a, minmay_goblin_outpost
D:4:      layout_basic, chequers_temple_overflow_statue_of_worship,
          serial_rivers, chequers_serial_rivers_marsh,
          chequers_serial_rivers_room_a, chequers_serial_rivers_small_3,
          chequers_serial_rivers_micro_a, chequers_serial_rivers_small_a
D:5:      layout_gridville, uniq_prince_ribbit1, uniq_sigmund
D:6:      layout_gridville, chequers_temple_overflow_minitemple,
          lemuel_coloured_pillars_altar, minmay_misc_feat_ornament,
          uniq_menkaure
D:7:      minmay_the_grid_octo_tiled_octocenter [minmay_the_grid_octo_checkered,
          minmay_the_grid_octo_clover_2, minmay_the_grid_octo_checkerflower,
          minmay_the_grid_octo_toaster, minmay_the_grid_octo_prize_big_c,
          minmay_the_grid_square_5x5_inner_v, minmay_the_grid_square_5x5_spiral,
          minmay_the_grid_square_5x5_two, minmay_the_grid_square_5x5_shrine1],
          layout_rooms, slow_altar_2, minmay_temple_entry_grid, uniq_joseph
D:8:      layout_gridville, dancing_weapons_uskayaw, minmay_lair_entry_grove,
          serial_shops, shop
D:9:      layout_basic, enter_bailey_7, doesnt_shop_hydraphobe
D:10:     layout_rooms
D:11:     layout_roguey, orc_0_dummy, portal_ice_cave_entry_pillars_1
Temple:   nicolae_temple_figure_zero
Lair:1:   layout_loops_ring
Lair:2:   layout_regular_city, gauntlet_entry_generic,
          gammafunk_ghost_hydra_chop, infiniplex_staircase_pool,
          grunt_megastairs_3
Orc:1:    layout_diamond_mine, basic_altar, serial_shops,
          nicolae_shop_statue_plus, ebering_ghost_inner_flame, uniq_maurice
Orc:2:    st_orc_mages, layout_caves, serial_shops, shop, shop,
          nicolae_shop_crystal, nicolae_shop_competitors_out_of_business, shop,
          gammafunk_ghost_berserking_beasts, mines5_lemuel, uniq_jorgrun
Gauntlet: gammafunk_gauntlet_branching [nicolae_gauntlet_arena_blocks,
          gammafunk_gauntlet_arena_split_x, gammafunk_gauntlet_arena_teeth,
          gammafunk_gauntlet_arena_hedges,
          gammafunk_gauntlet_arena_arrow_garden, nicolae_gauntlet_arena_t_cross,
          gammafunk_gauntlet_arena_grid, gammafunk_gauntlet_arena_split_diamond,
          gauntlet_exit_spiral]

Notes
Turn   | Place    | Note
-------+----------+-------------------------------------------
     0 | D:1      | phalm the Gnoll Conjurer began the quest for the Orb.
     0 | D:1      | Reached XP level 1. HP: 13/13 MP: 6/6
     0 | D:1      | magus.rc [v1.9.10]
   152 | D:1      | Reached XP level 2. HP: 19/19 MP: 5/7
   155 | D:1      | Learned a level 2 spell: Searing Ray
   175 | D:1      | Found a shadowy altar of Dithmenos.
   321 | D:1      | Found a sacrificial altar of Ru.
   321 | D:1      | Found an ornate altar of the Wu Jian Council.
   323 | D:1      | Found a shadowy altar of Dithmenos.
   323 | D:1      | Found an ornate altar of the Wu Jian Council.
   323 | D:1      | Found a shimmering altar of Xom.
   796 | D:1      | Reached XP level 3. HP: 25/25 MP: 6/9
   912 | D:1      | Reached skill level 5 in Spellcasting
  1421 | D:2      | Reached skill level 1 in Invocations
  1441 | D:2      | Reached skill level 1 in Fighting
  1441 | D:2      | Reached skill level 1 in Short Blades
  1441 | D:2      | Reached skill level 1 in Long Blades
  1441 | D:2      | Reached skill level 1 in Axes
  1441 | D:2      | Reached skill level 1 in Maces & Flails
  1441 | D:2      | Reached skill level 1 in Polearms
  1441 | D:2      | Reached skill level 1 in Staves
  1441 | D:2      | Reached skill level 1 in Slings
  1441 | D:2      | Reached skill level 1 in Bows
  1441 | D:2      | Reached skill level 1 in Crossbows
  1441 | D:2      | Reached skill level 1 in Throwing
  1441 | D:2      | Reached skill level 1 in Armour
  1441 | D:2      | Reached skill level 1 in Shields
  1441 | D:2      | Reached skill level 1 in Unarmed Combat
  1441 | D:2      | Reached skill level 1 in Evocations
  1621 | D:2      | Reached XP level 4. HP: 25/32 MP: 9/11
  1626 | D:2      | Learned a level 4 spell: Fulminant Prism
  1631 | D:2      | Learned a level 4 spell: Iskenderun's Mystic Blast
  1653 | D:2      | Reached skill level 1 in Hexes
  1653 | D:2      | Reached skill level 1 in Summonings
  1653 | D:2      | Reached skill level 1 in Necromancy
  1653 | D:2      | Reached skill level 1 in Translocations
  1653 | D:2      | Reached skill level 1 in Transmutations
  1653 | D:2      | Reached skill level 1 in Fire Magic
  1653 | D:2      | Reached skill level 1 in Ice Magic
  1653 | D:2      | Reached skill level 1 in Air Magic
  1653 | D:2      | Reached skill level 1 in Earth Magic
  1653 | D:2      | Reached skill level 1 in Poison Magic
  1945 | D:2      | Reached XP level 5. HP: 37/37 MP: 5/12
  2657 | D:2      | Found a runed translucent door.
  2658 | D:2      | Noticed Crazy Yiuf
  2665 | D:2      | Killed Crazy Yiuf
  2743 | D:3      | Found an ancient bone altar of Kikubaaqudgha.
  2744 | D:3      | Found a radiant altar of Vehumet.
  2747 | D:3      | Found a shimmering blue altar of Sif Muna.
  2752 | D:3      | Identified Vehumet's Almanac of Attacks
  2920 | D:3      | Reached XP level 6. HP: 44/44 MP: 10/13
  2934 | D:3      | Reached skill level 2 in Invocations
  2989 | D:3      | Found a glowing drain.
  2993 | Sewer    | Entered a sewer
  3112 | Sewer    | Reached skill level 2 in Fighting
  3112 | Sewer    | Reached skill level 2 in Short Blades
  3112 | Sewer    | Reached skill level 2 in Long Blades
  3112 | Sewer    | Reached skill level 2 in Axes
  3112 | Sewer    | Reached skill level 2 in Maces & Flails
  3112 | Sewer    | Reached skill level 2 in Polearms
  3112 | Sewer    | Reached skill level 2 in Staves
  3112 | Sewer    | Reached skill level 2 in Slings
  3112 | Sewer    | Reached skill level 2 in Bows
  3112 | Sewer    | Reached skill level 2 in Crossbows
  3112 | Sewer    | Reached skill level 2 in Throwing
  3112 | Sewer    | Reached skill level 2 in Armour
  3112 | Sewer    | Reached skill level 5 in Dodging
  3112 | Sewer    | Reached skill level 2 in Shields
  3112 | Sewer    | Reached skill level 2 in Unarmed Combat
  3112 | Sewer    | Reached skill level 2 in Evocations
  3503 | Sewer    | Reached XP level 7. HP: 41/50 MP: 9/15
  4693 | D:4      | Reached skill level 2 in Hexes
  4693 | D:4      | Reached skill level 2 in Summonings
  4693 | D:4      | Reached skill level 2 in Necromancy
  4693 | D:4      | Reached skill level 2 in Translocations
  4693 | D:4      | Reached skill level 2 in Transmutations
  4693 | D:4      | Reached skill level 2 in Fire Magic
  4693 | D:4      | Reached skill level 2 in Ice Magic
  4693 | D:4      | Reached skill level 2 in Air Magic
  4693 | D:4      | Reached skill level 2 in Earth Magic
  4693 | D:4      | Reached skill level 2 in Poison Magic
  4870 | D:4      | Found a broken altar of Ashenzari.
  4870 | D:4      | Found a glowing golden altar of the Shining One.
  5160 | D:4      | Reached skill level 5 in Stealth
  5393 | D:4      | Reached skill level 3 in Invocations
  5920 | D:5      | Entered Level 5 of the Dungeon
  6023 | D:5      | Reached XP level 8. HP: 39/57 MP: 2/16
  6127 | D:5      | Reached skill level 3 in Fighting
  6127 | D:5      | Reached skill level 3 in Short Blades
  6127 | D:5      | Reached skill level 3 in Long Blades
  6127 | D:5      | Reached skill level 3 in Axes
  6127 | D:5      | Reached skill level 3 in Maces & Flails
  6127 | D:5      | Reached skill level 3 in Polearms
  6127 | D:5      | Reached skill level 3 in Staves
  6127 | D:5      | Reached skill level 3 in Slings
  6127 | D:5      | Reached skill level 3 in Bows
  6127 | D:5      | Reached skill level 3 in Crossbows
  6127 | D:5      | Reached skill level 3 in Throwing
  6127 | D:5      | Reached skill level 3 in Armour
  6127 | D:5      | Reached skill level 3 in Shields
  6127 | D:5      | Reached skill level 3 in Unarmed Combat
  6127 | D:5      | Reached skill level 3 in Evocations
  6486 | D:5      | Reached skill level 6 in Spellcasting
  6986 | D:5      | Noticed Sigmund
  6990 | D:5      | Killed Sigmund
  7017 | D:5      | Noticed Prince Ribbit
  7252 | D:5      | You pick up a book of Changes and begin reading...
  7252 | D:5      | You add the spells Beastly Appendage, Wereblood, Spider
                  | Form, Ice Form and Blade Hands to your library.
  7329 | D:5      | Killed Prince Ribbit
  7330 | D:5      | Reached skill level 6 in Dodging
  7330 | D:5      | Reached skill level 3 in Hexes
  7330 | D:5      | Reached skill level 3 in Summonings
  7330 | D:5      | Reached skill level 3 in Necromancy
  7330 | D:5      | Reached skill level 3 in Translocations
  7330 | D:5      | Reached skill level 3 in Transmutations
  7330 | D:5      | Reached skill level 3 in Fire Magic
  7330 | D:5      | Reached skill level 3 in Ice Magic
  7330 | D:5      | Reached skill level 3 in Air Magic
  7330 | D:5      | Reached skill level 3 in Earth Magic
  7330 | D:5      | Reached skill level 3 in Poison Magic
  7330 | D:5      | Reached skill level 4 in Invocations
  7433 | D:6      | Reached XP level 9. HP: 62/65 MP: 12/18
  7784 | D:6      | Found a blossoming altar of Fedhas.
  7784 | D:6      | Found a hazy altar of Hepliaklqana.
  7792 | D:6      | Found a shadowy altar of Dithmenos.
  7794 | D:6      | Found an iron altar of Okawaru.
  7796 | D:6      | Found a bloodstained altar of Trog.
  7869 | D:6      | Reached skill level 4 in Fighting
  7869 | D:6      | Reached skill level 4 in Short Blades
  7869 | D:6      | Reached skill level 4 in Long Blades
  7869 | D:6      | Reached skill level 4 in Axes
  7869 | D:6      | Reached skill level 4 in Maces & Flails
  7869 | D:6      | Reached skill level 4 in Polearms
  7869 | D:6      | Reached skill level 4 in Staves
  7869 | D:6      | Reached skill level 4 in Slings
  7869 | D:6      | Reached skill level 4 in Bows
  7869 | D:6      | Reached skill level 4 in Crossbows
  7869 | D:6      | Reached skill level 4 in Throwing
  7869 | D:6      | Reached skill level 4 in Armour
  7869 | D:6      | Reached skill level 4 in Shields
  7869 | D:6      | Reached skill level 4 in Unarmed Combat
  7869 | D:6      | Reached skill level 4 in Evocations
  8132 | D:6      | Noticed Menkaure
  8135 | D:6      | Killed Menkaure
  8136 | D:6      | Reached skill level 6 in Stealth
  8136 | D:6      | Reached skill level 8 in Conjurations
  8383 | D:6      | Found a sparkling altar of Nemelex Xobeh.
  8666 | D:6      | You pick up a book of Changes and begin reading...
  9008 | D:7      | Found a staircase to the Ecumenical Temple.
  9029 | Temple   | Entered the Ecumenical Temple
  9177 | Temple   | magus.rc [v1.9.10]
  9322 | D:7      | Noticed a troll
  9328 | D:7      | Reached skill level 5 in Invocations
  9331 | D:7      | Killed a troll
  9332 | D:7      | Reached skill level 7 in Spellcasting
  9344 | D:7      | HP: 15/66 [wraith (2)]
  9354 | D:7      | HP: 11/66 [wraith (10)]
  9363 | D:7      | Reached skill level 4 in Hexes
  9363 | D:7      | Reached skill level 4 in Summonings
  9363 | D:7      | Reached skill level 4 in Necromancy
  9363 | D:7      | Reached skill level 4 in Translocations
  9363 | D:7      | Reached skill level 4 in Transmutations
  9363 | D:7      | Reached skill level 4 in Fire Magic
  9363 | D:7      | Reached skill level 4 in Ice Magic
  9363 | D:7      | Reached skill level 4 in Air Magic
  9363 | D:7      | Reached skill level 4 in Earth Magic
  9363 | D:7      | Reached skill level 4 in Poison Magic
  9363 | D:7      | Reached XP level 10. HP: 30/73 MP: 2/20
  9617 | D:7      | Found a snail-covered altar of Cheibriados.
  9632 | D:7      | Became a worshipper of Cheibriados the Contemplative
  9665 | D:7      | Noticed Joseph
  9671 | D:7      | Killed Joseph
  9672 | D:7      | Reached skill level 5 in Fighting
  9672 | D:7      | Reached skill level 5 in Short Blades
  9672 | D:7      | Reached skill level 5 in Long Blades
  9672 | D:7      | Reached skill level 5 in Axes
  9672 | D:7      | Reached skill level 5 in Maces & Flails
  9672 | D:7      | Reached skill level 5 in Polearms
  9672 | D:7      | Reached skill level 5 in Staves
  9672 | D:7      | Reached skill level 5 in Slings
  9672 | D:7      | Reached skill level 5 in Bows
  9672 | D:7      | Reached skill level 5 in Crossbows
  9672 | D:7      | Reached skill level 5 in Throwing
  9672 | D:7      | Reached skill level 5 in Armour
  9672 | D:7      | Reached skill level 5 in Shields
  9672 | D:7      | Reached skill level 5 in Unarmed Combat
  9672 | D:7      | Reached skill level 5 in Evocations
  9831 | D:7      | You pick up a book of Debilitation and begin reading...
  9831 | D:7      | You add the spells Corona, Slow, Inner Flame, Portal
                  | Projectile, Cause Fear and Leda's Liquefaction to your
                  | library.
 10457 | D:7      | Reached skill level 7 in Dodging
 10664 | D:7      | Reached * piety under Cheibriados
 11220 | D:8      | Reached skill level 6 in Invocations
 11231 | D:8      | Found Hefacuon's Book Shop.
 11280 | D:8      | Reached skill level 7 in Stealth
 11391 | D:8      | Reached ** piety under Cheibriados
 11542 | D:8      | Found a staircase to the Lair.
 11742 | D:8      | Found a hide-covered altar of Uskayaw.
 11871 | D:8      | Noticed a +0 dagger
 11871 | D:8      | Noticed a +0 hand axe
 12409 | D:9      | Reached XP level 11. HP: 81/81 MP: 10/22
 12539 | D:9      | Noticed a six-headed hydra
 12540 | D:9      | Found Tevaus's Hydra Hut.
 12572 | D:9      | Found a flagged portal.
 12627 | D:9      | Reached *** piety under Cheibriados
 12628 | D:9      | Reached skill level 6 in Fighting
 12628 | D:9      | Reached skill level 6 in Short Blades
 12628 | D:9      | Reached skill level 6 in Long Blades
 12628 | D:9      | Reached skill level 6 in Axes
 12628 | D:9      | Reached skill level 6 in Maces & Flails
 12628 | D:9      | Reached skill level 6 in Polearms
 12628 | D:9      | Reached skill level 6 in Staves
 12628 | D:9      | Reached skill level 6 in Slings
 12628 | D:9      | Reached skill level 6 in Bows
 12628 | D:9      | Reached skill level 6 in Crossbows
 12628 | D:9      | Reached skill level 6 in Throwing
 12628 | D:9      | Reached skill level 6 in Armour
 12628 | D:9      | Reached skill level 6 in Shields
 12628 | D:9      | Reached skill level 6 in Unarmed Combat
 12628 | D:9      | Reached skill level 6 in Evocations
 12995 | D:9      | Reached skill level 5 in Hexes
 12995 | D:9      | Reached skill level 5 in Summonings
 12995 | D:9      | Reached skill level 5 in Necromancy
 12995 | D:9      | Reached skill level 5 in Translocations
 12995 | D:9      | Reached skill level 5 in Transmutations
 12995 | D:9      | Reached skill level 5 in Fire Magic
 12995 | D:9      | Reached skill level 5 in Ice Magic
 12995 | D:9      | Reached skill level 5 in Air Magic
 12995 | D:9      | Reached skill level 5 in Earth Magic
 12995 | D:9      | Reached skill level 5 in Poison Magic
 13057 | D:9      | Got an ichor-stained chain mail
 13068 | D:9      | Identified the +4 chain mail of Stained Salvation {rC+
                  | Str+4} (You found it on level 9 of the Dungeon)
 13422 | D:9      | Reached skill level 8 in Spellcasting
 13683 | D:10     | Entered Level 10 of the Dungeon
 14279 | D:10     | Reached **** piety under Cheibriados
 14384 | D:10     | Identified 2 scrolls of acquirement
 14385 | D:10     | Acquired 1111 gold pieces
 14386 | D:10     | Acquired an uncursed staff of conjuration
 14766 | D:10     | Reached skill level 9 in Conjurations
 14766 | D:10     | Reached skill level 7 in Invocations
 14905 | D:10     | You pick up a book of Misfortune and begin reading...
 14905 | D:10     | You add the spells Confusing Touch, Gell's Gravitas,
                  | Petrify, Metabolic Englaciation and Yara's Violent
                  | Unravelling to your library.
 15074 | D:10     | Reached skill level 8 in Dodging
 15306 | D:11     | Found a frozen archway.
 15378 | IceCv    | Entered an ice cave
 15567 | IceCv    | Noticed a white ugly thing
 15591 | IceCv    | Killed a white ugly thing
 15595 | IceCv    | You pick up a book of Changes and begin reading...
 16088 | IceCv    | HP: 14/83 [something] (11)]
 16492 | IceCv    | HP: 20/83 [ice statue/freezing blast (12)]
 16782 | IceCv    | Reached skill level 8 in Stealth
 17049 | IceCv    | Noticed a white ugly thing
 17326 | IceCv    | Killed a white ugly thing
 17569 | IceCv    | You pick up a book of Unlife and begin reading...
 17569 | IceCv    | You add the spells Animate Dead, Borgnjor's Vile Clutch,
                  | Death Channel and Simulacrum to your library.
 17575 | IceCv    | Got distressingly furry ice dragon scales
 17586 | IceCv    | Identified the +5 ice dragon scales of Ussekaeg {rF- rC++
                  | Int+8} (You found it in an ice cave)
 17686 | D:11     | Noticed a cyan ugly thing
 17698 | D:11     | Reached XP level 12. HP: 38/89 MP: 14/24
 18107 | D:11     | Found a staircase to the Orcish Mines.
 18170 | D:11     | Reached skill level 7 in Fighting
 18170 | D:11     | Reached skill level 7 in Short Blades
 18170 | D:11     | Reached skill level 7 in Long Blades
 18170 | D:11     | Reached skill level 7 in Axes
 18170 | D:11     | Reached skill level 7 in Maces & Flails
 18170 | D:11     | Reached skill level 7 in Polearms
 18170 | D:11     | Reached skill level 7 in Staves
 18170 | D:11     | Reached skill level 7 in Slings
 18170 | D:11     | Reached skill level 7 in Bows
 18170 | D:11     | Reached skill level 7 in Crossbows
 18170 | D:11     | Reached skill level 7 in Throwing
 18170 | D:11     | Reached skill level 7 in Armour
 18170 | D:11     | Reached skill level 7 in Shields
 18170 | D:11     | Reached skill level 7 in Unarmed Combat
 18170 | D:11     | Reached skill level 7 in Evocations
 18301 | D:11     | You pick up a book of Misfortune and begin reading...
 18310 | D:11     | Reached ***** piety under Cheibriados
 18643 | Orc:1    | Entered Level 1 of the Orcish Mines
 18643 | Orc:1    | Found Vihexuju's Jewellery Shop.
 18688 | Orc:1    | Found a runed translucent door.
 18689 | Orc:1    | Noticed bnns's ghost (adept DsBe)
 19182 | Orc:2    | Entered Level 2 of the Orcish Mines
 19182 | Orc:2    | Found Ithav's Distillery.
 19191 | Orc:2    | Noticed an orc high priest
 19397 | Lair:1   | Entered Level 1 of the Lair of Beasts
 19556 | Lair:2   | Reached skill level 6 in Hexes
 19556 | Lair:2   | Reached skill level 6 in Summonings
 19556 | Lair:2   | Reached skill level 6 in Necromancy
 19556 | Lair:2   | Reached skill level 6 in Translocations
 19556 | Lair:2   | Reached skill level 6 in Transmutations
 19556 | Lair:2   | Reached skill level 6 in Fire Magic
 19556 | Lair:2   | Reached skill level 6 in Ice Magic
 19556 | Lair:2   | Reached skill level 6 in Air Magic
 19556 | Lair:2   | Reached skill level 6 in Earth Magic
 19556 | Lair:2   | Reached skill level 6 in Poison Magic
 19589 | Lair:2   | Noticed a seven-headed hydra
 19631 | Lair:2   | Reached skill level 8 in Invocations
 19640 | Lair:2   | Found a gate leading to a gauntlet.
 19851 | Gauntlet | Entered a Gauntlet
 19851 | Gauntlet | Found a transporter.
 19851 | Gauntlet | Found a transporter.
 19855 | Gauntlet | Found a transporter.
 19859 | Gauntlet | Found a transporter.
 19865 | Gauntlet | Found a transporter.
 19872 | Gauntlet | Found a transporter.
 19879 | Gauntlet | Noticed an entropy weaver
 19882 | Gauntlet | Found a transporter.
 19882 | Gauntlet | Found a transporter.
 19886 | Gauntlet | Found a transporter.
 19896 | Gauntlet | Found a transporter.
 19902 | Gauntlet | Found a transporter.
 19948 | Gauntlet | Noticed a catoblepas
 19989 | Gauntlet | Found a transporter.
 20005 | Gauntlet | Found a transporter.
 20098 | Gauntlet | Found a transporter.
 20107 | Gauntlet | Found a transporter.
 20121 | Gauntlet | Found a transporter.
 20268 | Gauntlet | Reached skill level 9 in Spellcasting
 20455 | Gauntlet | HP: 20/91 [ice statue] (13)]
 20459 | Gauntlet | Killed by an exploding fulminant prism

Vanquished Creatures
  An orc sorcerer (Orc:1)
  3 ugly things
  Joseph (D:7)
  2 cane toads (Lair:2)
  3 ice statues (IceCv)
  A gargoyle (D:10)
  A kobold demonologist (D:11)
  3 rime drakes
  A komodo dragon (Lair:2)
  2 trolls
  A hornet (D:10)
  Prince Ribbit (D:5)
  Sigmund (D:5)
  6 wyverns
  16 yaks
  2 wraiths
  Menkaure (D:6)
  2 wargs
  3 water moccasins (D:8)
  7 black bears
  9 ice beasts
  7 orc warriors
  A phantom (D:6)
  A necrophage (D:7)
  3 eyes of draining
  A wolf (D:8)
  2 centaurs
  7 ogres
  4 big kobolds
  4 bullfrogs
  3 scorpions
  A water moccasin skeleton (D:8)
  5 killer bees (D:11)
  7 wights
  A howler monkey (D:7)
  3 jellies
  A bullfrog zombie (D:11)
  A quasit (D:10)
  8 hounds
  11 orc priests
  Crazy Yiuf (D:2)
  3 centaur skeletons
  2 bullfrog skeletons
  3 iguanas
  An iron imp (D:7)
  11 orc wizards
  13 worker ants
  2 killer bee zombies
  2 hound zombies
  3 hound skeletons
  A worker ant zombie (D:10)
  2 howler monkey zombies (D:7)
  15 adders
  10 gnolls
  8 river rats (Sewer)
  3 shadow imps (D:6)
  3 white imps
  2 ufetubi
  2 adder zombies
  2 worms
  3 dart slugs
  8 leopard geckos
  54 orcs
  8 giant cockroaches
  16 goblins
  6 hobgoblins
  11 jackals
  30 kobolds
  4 quokkas
  9 ball pythons
  12 bats
  4 frilled lizards
  A jackal skeleton (D:4)
  A jackal zombie (D:5)
  A leopard gecko skeleton (D:5)
  A quokka skeleton (D:6)
  A quokka zombie (D:8)
  27 rats
424 creatures vanquished.

Vanquished Creatures (others)
  18 demonic plants (Gauntlet)
  14 fulminant prisms
  5 fungi
  30 plants
67 creatures vanquished.

Grand Total: 491 creatures vanquished

Table legend:
 A = Non-vault XP
 B = Vault XP
 C = Vault XP percentage of total XP
 D = Non-vault monster count
 E = Vault monster count
 F = Vault count percentage of total count
                 A         B        C        D         E       F
            +---------+---------+-------+---------+---------+-------
      Total |   15439 |    9768 |  38.8 |     304 |     122 |  28.6
            +---------+---------+-------+---------+---------+-------
        D:1 |      49 |       0 |   0.0 |      27 |       0 |   0.0
        D:2 |     207 |      47 |  18.5 |      33 |       4 |  10.8
        D:3 |      48 |      10 |  17.2 |      19 |       6 |  24.0
        D:4 |     353 |       0 |   0.0 |      23 |       0 |   0.0
        D:5 |     758 |     497 |  39.6 |      24 |       2 |   7.7
        D:6 |     918 |     172 |  15.8 |      25 |       1 |   3.8
        D:7 |     696 |    1886 |  73.0 |      21 |      24 |  53.3
        D:8 |    1254 |    1805 |  59.0 |      29 |      12 |  29.3
        D:9 |    2346 |      33 |   1.4 |      27 |       4 |  12.9
       D:10 |    2785 |       0 |   0.0 |      31 |       0 |   0.0
       D:11 |    2761 |       0 |   0.0 |      25 |       0 |   0.0
     Lair:1 |     221 |       0 |   0.0 |       2 |       0 |   0.0
     Lair:2 |    1886 |     851 |  31.1 |       7 |       2 |  22.2
      Orc:1 |     999 |      44 |   4.2 |      10 |       1 |   9.1
      Orc:2 |     158 |     141 |  47.2 |       1 |       5 |  83.3
      Sewer |       0 |     378 | 100.0 |       0 |      48 | 100.0
      IceCv |       0 |    3142 | 100.0 |       0 |      11 | 100.0
   Gauntlet |       0 |     762 | 100.0 |       0 |       2 | 100.0
            +---------+---------+-------+---------+---------+-------

Illustrated notes

Table legend:
 A = Kills in this place as a percentage of kills in entire the game.
 B = Kills by you in this place as a percentage of kills by you in the entire game.
 C = Kills by friends in this place as a percentage of kills by friends in the entire game.
 D = Other kills in this place as a percentage of other kills in the entire game.
 E = Experience gained in this place as a percentage of experience gained in the entire game.
 F = Experience gained in this place divided by the number of levels of this place that you have seen.
                   A       B       C       D       E      F
               +-------+-------+-------+-------+-------+----------------------
         Total | 100.0 | 100.0 |   N/A | 100.0 | 100.0 | 1326.7
       Dungeon |  79.1 |  79.2 |   N/A |  50.0 |  66.0 | 1511.4
          Lair |   2.6 |   2.4 |   N/A |  50.0 |  11.7 | 1479.0
  Orcish Mines |   4.0 |   4.0 |   N/A |   0.0 |   5.3 | 671.0
         Sewer |  11.3 |  11.3 |   N/A |   0.0 |   1.5 | 378.0
      Ice Cave |   2.6 |   2.6 |   N/A |   0.0 |  12.5 | 3142.0
      Gauntlet |   0.5 |   0.5 |   N/A |   0.0 |   3.0 | 762.0
               +-------+-------+-------+-------+-------+----------------------

Table legend: (Time is in decaauts)
 A = Elapsed time spent in this place.
 B = Non-inter-level travel time spent in this place.
 C = Inter-level travel time spent in this place.
 D = Time resting spent in this place.
 E = Time spent auto-exploring this place.
 F = Levels seen in this place.
 G = Mean time per level.
                   A        B        C        D        E       F      G
               +--------+--------+--------+--------+--------+-----+--------+
         Total |  22980 |  22024 |    956 |    867 |  17921 |  19 | 1209.5 |
       Dungeon |  17260 |  16524 |    736 |    164 |  14113 |  11 | 1569.1 |
        Temple |    157 |    147 |     10 |      0 |    147 |   1 |  157.0 |
          Lair |    579 |    459 |    120 |    206 |    114 |   2 |  289.5 |
  Orcish Mines |    639 |    550 |     89 |      0 |    458 |   2 |  319.5 |
         Sewer |   1003 |   1003 |      0 |      0 |    829 |   1 | 1003.0 |
      Ice Cave |   2369 |   2369 |      0 |    344 |   1705 |   1 | 2369.0 |
      Gauntlet |    971 |    971 |      0 |    153 |    553 |   1 |  971.0 |
               +--------+--------+--------+--------+--------+-----+--------+

Top non-repeatable levels by time:
   IceCv: 2369 daAuts
     D:8: 1964 daAuts
     D:7: 1884 daAuts
    D:11: 1883 daAuts
     D:9: 1834 daAuts
    D:10: 1699 daAuts
     D:6: 1554 daAuts
     D:5: 1484 daAuts
     D:1: 1469 daAuts
     D:4: 1346 daAuts
     D:2: 1251 daAuts
   Sewer: 1003 daAuts
Gauntlet: 971 daAuts
     D:3: 888 daAuts
   Orc:1: 623 daAuts
